 Dungeon Crawl Stone Soup version 0.26-a0-653-g6669bab64c (webtiles) character file.

Game seed: 2650395663028797419

2205 jasper the Covert (level 9, -6/48 (49) HPs)
             Began as a Deep Elf Conjurer on Oct 4, 2020.
             Mangled by a hippogriff (8 damage)
             ... in the Ecumenical Temple.
             The game lasted 00:18:25 (6582 turns).

jasper the Covert (Deep Elf Conjurer)               Turns: 6582, Time: 00:18:26

HP:   -6/48 (49)    AC:  3    Str:  4    XL:     9   Next: 12%
MP:   14/19         EV: 15    Int: 27    God:
Gold: 186           SH:  0    Dex: 13    Spells: 11/18 levels left

rFire    . . .     SeeInvis .   o - +1 dagger (venom)
rCold    . . .     Faith    .   (no shield)
rNeg     . . .     Spirit   .   a - +0 robe
rPois    .         Reflect  .   s - +0 helmet
rElec    .         Harm     .   (no cloak)
rCorr    +         Rampage  .   (no gloves)
MR       .....                  (no boots)
Stlth    ++++......             j - amulet of magic regeneration
HPRegen  0.16/turn              f - ring of resist corrosion
MPRegen  0.41/turn              (no ring)

@: no status effects
A: no striking features
a: no special abilities


You were in the Ecumenical Temple.
You visited 2 branches of the dungeon, and saw 8 of its levels.

You collected 459 gold pieces.
You spent 273 gold pieces at shops.

Inventory:

Hand Weapons
 m - a +0 mace
 o - a +1 dagger of venom (weapon)
 x - a +2 vorpal trident
 B - a +0 quarterstaff
 D - a +0 shortbow of flaming
Missiles
 d - 123 stones (quivered)
 e - 161 arrows
 n - a boomerang of dispersal
 v - 38 poisoned darts
Armour
 a - a +0 robe (worn)
 s - a +0 helmet (worn)
Jewellery
 f - a ring of resist corrosion (left hand)
 j - an amulet of magic regeneration (around neck)
 r - a +6 ring of strength
 w - an uncursed ring of poison resistance
 G - a cursed amulet of inaccuracy {unknown}
 H - a cursed -4 ring of strength
Scrolls
 h - 5 scrolls of remove curse
 q - a scroll of enchant armour
 t - 2 scrolls of blinking
 u - 3 scrolls of enchant weapon {unknown}
 y - a scroll of random uselessness {unknown}
Potions
 b - 6 potions of curing
 c - 2 potions of mutation
 g - a potion of heal wounds
 i - 2 potions of haste
 k - a potion of flight
 l - 4 potions of might
 p - a potion of berserk rage {unknown}
 z - a potion of invisibility {unknown}
 A - a potion of lignification {unknown}
 C - 2 potions of magic
 E - a potion of degeneration {unknown}
 F - a potion of stabbing {unknown}


   Skills:
 + Level 2.8 Fighting
 + Level 6.2 Dodging
 - Level 8.0 Stealth
 + Level 5.3 Spellcasting
 + Level 6.7 Conjurations
 - Level 5.0 Translocations
   Level 4.5 Evocations


You had 11 spell levels left.
You knew the following spells:

 Your Spells              Type           Power        Failure   Level
a - Magic Dart            Conj           ####         1%          1
b - Searing Ray           Conj           #####.       1%          2
c - Iskenderun's Mystic   Conj/Tloc      #####...     6%          4

Your spell library contained the following spells:

 Spells                   Type           Power        Failure   Level
 Dazzling Flash           Conj/Hex       ####..       5%          3
 Fulminant Prism          Conj/Hex       ####......   17%         4


Dungeon Overview and Level Annotations

Branches:
Dungeon (7/15)             Temple (1/1) D:7

Altars:
Fedhas

Shops:
D:4 (   D:5 !

Annotations:
D:6 Maggie
D:7 Edmund


Message History

The hippogriff is almost dead.
Casting: Magic Dart (safe; 1% risk of failure)
Confirm with . or Enter, or press ? or * to list all spells.
Aiming: Magic Dart (safe; 1% risk of failure)
Press: ? - help, Shift-Dir - straight line, f/p - hippogriff
Aim: a hippogriff (almost dead)
The magic dart hits the hippogriff.
The hippogriff is almost dead.
Casting: Magic Dart (safe; 1% risk of failure)
Confirm with . or Enter, or press ? or * to list all spells.
Aiming: Magic Dart (safe; 1% risk of failure)
Press: ? - help, Shift-Dir - straight line, f/p - hippogriff
Aim: a hippogriff (almost dead)
The magic dart hits the hippogriff.
The hippogriff is almost dead.
Casting: Magic Dart (safe; 1% risk of failure)
Confirm with . or Enter, or press ? or * to list all spells.
You don't know that spell.
The hippogriff barely misses you. The hippogriff pecks you!
You die...

♣♣♣. ♣...P ♣♣.....
♣♣♣♣♣♣♣....P..
♣♣..P..........
♣...P..PP......
♣♣♣♣..P.....P...♣
♣♣♣.P.....@........
♣♣..PP..P.H.........
♣♣...P.......♣♣♣.....
♣.....<..P.... .....
♣.........PP.. ..♣.
♣♣♣.P.......... ...
♣♣♣♣♣........


PP. ♣♣♣♣♣....P ♣♣ You could see a hippogriff.

Vanquished Creatures
  Sigmund (D:7)
  2 orc warriors
  A sky beast (D:6)
  A necrophage (D:6)
  A black bear (D:6)
  A centaur (D:6)
  2 ogres (D:5)
  4 bullfrogs
  5 wights
  2 howler monkeys
  4 hounds
  10 orc wizards
  3 iguanas
  4 worker ants
  A hound skeleton (D:4)
  Robin (D:2)
  A worker ant zombie (D:7)
  9 adders
  A shadow imp (D:4)
  3 adder skeletons
  A worm (D:4)
  2 dart slugs
  4 leopard geckos
  18 orcs
  3 bats (D:2)
  5 giant cockroaches
  12 goblins
  9 hobgoblins
  8 jackals
  5 kobolds
  2 quokkas
  3 frilled lizards
  A leopard gecko skeleton (D:4)
  A quokka skeleton (D:4)
  2 rats (D:3)
133 creatures vanquished.

Vanquished Creatures (others)
  2 plants
2 creatures vanquished.

Grand Total: 135 creatures vanquished

Notes
Turn   | Place    | Note
-------+----------+-------------------------------------------
     0 | D:1      | jasper the Deep Elf Conjurer began the quest for the Orb.
     0 | D:1      | Reached XP level 1. HP: 10/10 MP: 6/6
   132 | D:1      | Reached skill level 3 in Stealth
   245 | D:1      | Reached XP level 2. HP: 4/15 MP: 4/8
   449 | D:1      | Learned a level 2 spell: Searing Ray
   728 | D:1      | Reached skill level 4 in Stealth
  1061 | D:2      | Noticed Robin
  1067 | D:2      | Killed Robin
  1067 | D:2      | Reached XP level 3. HP: 15/19 MP: 2/9
  1262 | D:2      | Reached skill level 5 in Stealth
  1712 | D:2      | Reached XP level 4. HP: 22/24 MP: 7/10
  2430 | D:3      | Reached skill level 6 in Stealth
  2656 | D:3      | Noticed an ice beast
  2845 | D:4      | Found Vumuozos's Antique Weapon Shoppe.
  2912 | D:4      | Reached XP level 5. HP: 28/28 MP: 6/11
  2938 | D:4      | Reached skill level 7 in Stealth
  3159 | D:4      | Reached skill level 8 in Stealth
  3419 | D:5      | Entered Level 5 of the Dungeon
  3436 | D:5      | Reached XP level 6. HP: 32/32 MP: 9/12
  3468 | D:4      | Learned a level 4 spell: Iskenderun's Mystic Blast
  3497 | D:5      | Found Livet's Distillery.
  3602 | D:5      | Bought a potion of curing for 39 gold pieces
  3602 | D:5      | Bought a potion of might for 52 gold pieces
  3602 | D:5      | Bought a potion of curing for 39 gold pieces
  3602 | D:5      | Bought a potion of magic for 104 gold pieces
  3602 | D:5      | Bought a potion of curing for 39 gold pieces
  3676 | D:5      | Noticed an orc warrior
  3758 | D:5      | Reached skill level 5 in Conjurations
  3866 | D:5      | Found a blossoming altar of Fedhas.
  3931 | D:6      | Noticed an orc warrior
  3943 | D:5      | Found a sand-covered staircase.
  3997 | D:6      | Reached XP level 7. HP: 17/36 MP: 11/15
  4387 | D:6      | Paralysed by an orc wizard for 5 turns
  4409 | D:6      | Reached skill level 5 in Spellcasting
  4632 | D:6      | Noticed Maggie
  4706 | D:5      | Reached skill level 1 in Evocations
  4818 | D:5      | Reached XP level 8. HP: 41/41 MP: 13/17
  5347 | D:6      | Reached skill level 1 in Translocations
  5356 | D:6      | Reached skill level 1 in Fighting
  5408 | D:6      | Reached skill level 5 in Dodging
  6214 | D:7      | Reached skill level 5 in Translocations
  6214 | D:7      | Reached XP level 9. HP: 48/48 MP: 15/18
  6346 | D:7      | Noticed Edmund
  6358 | D:7      | Noticed Sigmund
  6363 | D:7      | Killed Sigmund
  6558 | D:7      | Found a staircase to the Ecumenical Temple.
  6573 | Temple   | Entered the Ecumenical Temple
  6577 | Temple   | HP: 1/48 [hippogriff (9)]
  6582 | Temple   | Mangled by a hippogriff

Illustrated notes

Levels and vault maps discovered:
D:1:      minmay_arrival_glassed_features, layout_loops_cross
D:2:      layout_loops_ring, item_on_display_a, uniq_robin
D:3:      layout_loops_ring
D:4:      layout_gridville, serial_shops, nicolae_shop_crystal, minmay_mini_jars
D:5:      layout_cave_pools, lemuel_round_altar, nicolae_ossuary_entry_monument,
          serial_shops, shop
D:6:      layout_rooms, lightli_corner_chamber, uniq_maggie
D:7:      layout_loops_ring, minmay_temple_entry_mini_moons,
          ebering_ghost_gozag, kennysheep_nondescript, sigmund_edmund_badplayer
Temple:   kilobyte_greek_temple

Skill      XL: |  1  2  3  4  5  6  7  8 |
---------------+-------------------------+-----
Stealth        | 3 4 5 6 8 |  8.0
Dodging        | 3 4 6 |  6.2
Conjurations   | 5 6 |  6.7
Spellcasting   | 4 5 |  5.3
Evocations     | 3 4 |  4.5
Translocations | 5 |  5.0
Fighting       | 2 |  2.8

Action                   |  1- 3 |  4- 6 |  7- 9 || total
-------------------------+-------+-------+-------++-------
Melee: Whip              |     5 |       |     2 ||     7
       Dagger            |       |       |     3 ||     3
Throw: Stone             |     1 |       |     1 ||     2
 Cast: Magic Dart        |    38 |    56 |    48 ||   142
       Searing Ray       |    15 |    29 |    37 ||    81
Evoke: Wand              |       |       |     7 ||     7
  Use: Scroll            |     3 |     5 |     3 ||    11
       Potion            |       |     1 |       ||     1
 Stab: Sleeping          |     1 |       |     3 ||     4
Armor: Robe              |     2 |     1 |     2 ||     5
Dodge: Dodged            |    11 |    11 |    20 ||    42

Table legend: (Time is in decaauts)
 A = Elapsed time spent in this place.
 B = Non-inter-level travel time spent in this place.
 C = Inter-level travel time spent in this place.
 D = Time resting spent in this place.
 E = Time spent auto-exploring this place.
 F = Levels seen in this place.
 G = Mean time per level.
                   A        B        C        D        E       F      G
               +--------+--------+--------+--------+--------+-----+--------+
         Total |   6588 |   6279 |    309 |   1951 |   3210 |   8 |  823.5 |
       Dungeon |   6579 |   6270 |    309 |   1951 |   3210 |   7 |  939.9 |
        Temple |      8 |      8 |      0 |      0 |      0 |   1 |    8.0 |
               +--------+--------+--------+--------+--------+-----+--------+

Top non-repeatable levels by time:
     D:6: 1338 daAuts
     D:5: 1053 daAuts
     D:1: 1021 daAuts
     D:2: 970 daAuts
     D:4: 865 daAuts
     D:3: 688 daAuts
     D:7: 642 daAuts
  Temple: 8 daAuts
